 Dungeon Crawl Stone Soup version 0.29.1-1-gd02db6906a (webtiles) character file.

Game seed: 14631072117211355930

58 Sabo the Gusty (level 3, -4/24 HPs)
             Began as a Demonspawn Air Elementalist on Sept 18, 2022.
             Was a Follower of Nemelex Xobeh.
             Slain by Terence
             ... wielding a +0 short sword
              (5 damage)
             ... on level 2 of the Dungeon.
             The game lasted 00:15:52 (3051 turns).

Sabo the Gusty (Demonspawn Air Elementalist)        Turns: 3051, Time: 00:15:53

Health: -4/24      AC:  2    Str:  8    XL:     3   Next: 75%
Magic:  7/7        EV: 12    Int: 24    God:    Nemelex Xobeh [*.....]
Gold:   133        SH:  0    Dex: 13    Spells: 6/7 levels left

rFire   . . .      SeeInvis .   m - +0 hand axe
rCold   . . .      Faith    .   (no shield)
rNeg    . . .      Spirit   .   a - +0 robe
rPois   .          Reflect  .   (no helmet)
rElec   .          Harm     .   (no cloak)
rCorr   .          Rampage  .   (no gloves)
Will    +....                   (no boots)
Stlth   ++........              l - amulet of magic regeneration
HPRegen 0.08/turn               j - ring of willpower
MPRegen 0.50/turn               k - +6 ring of intelligence

@: no status effects
A: spiny 1
a: Renounce Religion, Draw Escape, Draw Destruction, Draw Summoning


You were on level 2 of the Dungeon.
You worshipped Nemelex Xobeh.
Nemelex Xobeh was aware of your devotion.
You visited 1 branch of the dungeon, and saw 2 of its levels.

You collected 133 gold pieces.

Inventory:

Hand Weapons
 m - a +0 hand axe (weapon)
Armour
 a - a +0 robe (worn)
 f - a +1 leather armour of cold resistance
Jewellery
 j - a ring of willpower (left hand)
 k - a +6 ring of intelligence (right hand)
 l - an amulet of magic regeneration (around neck)
Scrolls
 d - a scroll of blinking
 h - 2 scrolls of identify {unknown}
 i - a scroll of silence {unknown}
 n - a scroll of immolation {unknown}
Potions
 b - a potion of magic
 c - a potion of might {unknown}
 e - 3 potions of degeneration {unknown}
 g - a potion of curing {unknown}


   Skills:
 + Level 0.1 Polearms
 + Level 1.9 Dodging
 + Level 2.0 Stealth
 + Level 2.6 Spellcasting
 + Level 2.0 Conjurations
 + Level 3.2 Air Magic


You had 6 spell levels left.
You knew the following spells:

 Your Spells              Type           Power      Damage    Failure   Level
a - Shock                 Conj/Air       60%        1d6       3%          1

Your spell library contained the following spells:

 Spells                   Type           Power      Damage    Failure   Level
 Static Discharge         Conj/Air       15%        3-5/arc   6%          2
 Poisonous Vapours        Pois/Air       20%        N/A       9%          2
 Swiftness                Air            18%        N/A       9%          3
 Airstrike                Air            9%         2d(2-18)  30%         4
 Corpse Rot               Necr/Pois/Air  8%         N/A       58%         4
 Iskenderun's Battlesphe  Conj           13%        2d7       80%         5
 Fireball                 Conj/Fire      4%         3d4       90%         5
 Conjure Ball Lightning   Conj/Air       7%         3x3d6     99%         6
 Orb of Destruction       Conj           6%         9d6       100%        7


Dungeon Overview and Level Annotations

Branches:
Dungeon (2/15)

Altars:
Nemelex Xobeh

Annotations:
D:2 1 runed translucent door, Crazy Yiuf, Terence


Innate Abilities, Weirdness & Mutations

You are partially covered in sharp spines.


Message History

Terence is moderately wounded.
The zap hits the giant cockroach.
You kill the giant cockroach!
You barely miss Terence. You punch Terence.
Terence is heavily wounded.
Terence hits you with a +0 short sword.
You hit Terence.
Terence is heavily wounded.
Terence is struck by your spines. Terence closely misses you.
Terence hits you with a +0 short sword.
You closely miss Terence.
Terence is severely wounded.
Terence completely misses you.
You hit Terence.
Terence is severely wounded.
Terence closely misses you.
You barely miss Terence.
Terence is severely wounded.
Terence hits you with a +0 short sword.
You hit Terence but do no damage.
Terence is severely wounded.
Terence hits you with a +0 short sword. Terence barely misses you.
You hit Terence but do no damage.
Terence is severely wounded.
Terence hits you with a +0 short sword.
You closely miss Terence.
Terence is severely wounded.
Terence closely misses you.
You closely miss Terence.
Terence is severely wounded.
Terence hits you with a +0 short sword.
* * * LOW HITPOINT WARNING * * *
Terence says, "Don't bother to defend, it's senseless."
Terence is struck by your spines. Terence hits you with a +0 short sword.
* * * LOW HITPOINT WARNING * * *
You barely miss Terence.
Terence is severely wounded.
Terence is struck by your spines. Terence hits you with a +0 short sword.
You die...
Your body disappears without a glow.

# .#..... #.#.##.# # ..# #.#.# .
# #.# #.#.. # #.# #.#### # #.#
#.# # #.# #. # #.#########
######################..........
................@@..............
########################........
#.####### #.# #.# #.# #.# #.#


You could see Terence.

Vanquished Creatures
  An adder (D:2)
  A dart slug (D:2)
  4 ball pythons
  4 endoplasms
  4 giant cockroaches
  5 goblins
  5 hobgoblins
  2 quokkas (D:1)
  6 bats (D:1)
  A frilled lizard (D:2)
  4 kobolds
  4 rats
41 creatures vanquished.

Notes
Turn   | Place    | Note
-------+----------+-------------------------------------------
     0 | D:1      | Sabo the Demonspawn Air Elementalist began the quest for
                  | the Orb.
     0 | D:1      | Reached XP level 1. HP: 13/13 MP: 3/3
   168 | D:1      | You fall into a shaft and drop 1 floor!
   564 | D:1      | Gained mutation: You are partially covered in sharp spines.
                  | [demonic ancestry]
   564 | D:1      | Reached XP level 2. HP: 19/19 MP: 0/5
  1473 | D:1      | Reached skill level 3 in Air Magic
  1812 | D:1      | Found a faded altar of an unknown god.
  1815 | D:1      | Prayed at the altar of an unknown god.
  1815 | D:1      | Became a worshipper of Nemelex Xobeh the Trickster
  1815 | D:1      | Reached * piety under Nemelex Xobeh
  1815 | D:1      | Received a gift from Nemelex Xobeh
  1929 | D:1      | Reached XP level 3. HP: 24/24 MP: 6/6
  2523 | D:2      | Found a runed translucent door.
  2524 | D:2      | Noticed Crazy Yiuf
  3028 | D:2      | Noticed Terence
  3050 | D:2      | HP: 1/24 [Terence/+0 short sword (2)]
  3051 | D:2      | Slain by Terence

Illustrated notes

Levels and vault maps discovered:
D:1:      wander_arrival_desolate, layout_basic,
          hellmonk_ecumenical_altar_inner_sanctum, kennysheep_small_spiral
D:2:      layout_basic, uniq_terence, uniq_crazy_yiuf_cottage

Skill      XL: |  1  2  3 |
---------------+----------+-----
Air Magic      | 3 |  3.2
Stealth        | 2 |  2.0
Conjurations   | 2 |  2.0
Polearms       | |  0.1
Dodging        | |  1.9
Spellcasting   | |  2.6

Action                   || total
-------------------------++-------
Melee: Unarmed           ||     7
       Short sword       ||     6
       Spear             ||     7
       Hand axe          ||    10
       Punch             ||     1
 Cast: Shock             ||    69
  Use: Scroll            ||     1
Armor: Robe              ||     3
Dodge: Dodged            ||    20
